 Dungeon Crawl Stone Soup version 0.31-a0-744-gbc345e7fcb (webtiles) character file.

Game seed: 6815321316014122297

25202 shbulbulush the Bludgeoner (level 13, 0/106 HPs)
             Began as a Formicid Fighter on Sept 14, 2023.
             Slain by a storm dragon (6 damage)
             ... on level 13 of the Dungeon.
             The game lasted 01:01:20 (18544 turns).

shbulbulush the Bludgeoner (Formicid Fighter)      Turns: 18544, Time: 01:01:25

Health: 0/106      AC: 25    Str: 25    XL:     13   Next: 48%
Magic:  13/13      EV: 10    Int:  9    God:
Gold:   625        SH:  5    Dex: 13    Spells: 12/12 levels left

rFire   . . .        v - +0 giant spiked club
rCold   . . .        (shield currently unavailable)
rNeg    . . .        X - +3 chain mail
rPois   +            (helmet unavailable)
rElec   .            H - +0 cloak {rPois}
rCorr   .            B - +0 pair of gloves
SInv    +            j - +2 pair of boots
Will    +....        T - amulet of reflection Stlth
                     J - +4 ring of protection
HPRegen 0.37/turn    L - +4 ring of slaying
MPRegen 0.13/turn

%: reflection
@: no status effects
A: permanent stasis, dig shafts and tunnels, antennae 3, four strong arms
a: Dig, Shaft Self


You were on level 13 of the Dungeon.
You visited 1 branch of the dungeon, and saw 14 of its levels.

You collected 625 gold pieces.

Inventory:

Hand Weapons
 a - a +0 flail
 o - a +3 quarterstaff of chaos
 u - a +0 giant club
 v - a +0 giant spiked club (weapon)
 Y - a +0 mace
Missiles
 I - 42 poisoned darts
 U - 2 javelins
 V - 3 curare-tipped darts
 W - 7 large rocks
Armour
 b - a +0 scale mail
 c - a +0 buckler
 j - a +2 pair of boots (worn)
 k - a +0 cloak
 B - a +0 pair of gloves (worn)
 D - a +0 chain mail
 G - a +0 plate armour
 H - a +0 cloak of poison resistance (worn)
 P - +0 steam dragon scales
 X - a +3 chain mail (worn)
Jewellery
 d - a ring of protection from fire
 s - an amulet of faith
 x - an amulet of guardian spirit
 z - a ring of resist corrosion
 J - a +4 ring of protection (left hand)
 L - a +4 ring of slaying (right hand)
 T - an amulet of reflection (around neck)
Wands
 p - a wand of digging (3)
 q - a wand of roots (9)
 N - a wand of paralysis (8)
Scrolls
 e - 2 scrolls of fear {unknown}
 f - 9 scrolls of teleportation {unknown}
 g - 12 scrolls of identify {unknown}
 l - a scroll of acquirement {unknown}
 m - 2 scrolls of immolation {unknown}
 r - a scroll of blinking {unknown}
 t - 2 scrolls of fog {unknown}
 y - 2 scrolls of vulnerability {unknown}
 A - a scroll of enchant weapon {unknown}
 C - a scroll of silence {unknown}
 F - a scroll of revelation {unknown}
 O - a scroll of amnesia {unknown}
 Q - a scroll of noise {unknown}
 R - a scroll of butterflies {unknown}
Potions
 h - 3 potions of heal wounds
 i - 2 potions of haste {unknown}
 n - 4 potions of curing {unknown}
 w - a potion of attraction {unknown}
 E - a potion of enlightenment {unknown}
 K - 3 potions of mutation
 M - 2 potions of invisibility {unknown}
 S - a potion of cancellation {unknown}
 Z - a potion of degeneration {unknown}


   Skills:
 + Level 11.3 Fighting
 + Level 15.6 Maces & Flails
 + Level 12.0 Armour
 + Level 3.3 Dodging
 + Level 2.7 Stealth
 + Level 6.2 Shields


You had 12 spell levels left.
You didn't know any spells.
Your spell library contained the following spells:

 Spells                   Type           Power      Damage    Failure   Level
 Apportation              Tloc           0%         N/A       83%         1
 Freeze                   Ice            0%         1d3       83%         1
 Necrotise                Necr           0%         1d4       83%         1
 Summon Small Mammal      Summ           0%         N/A       83%         1
 Dazzling Flash           Conj/Hex       0%         N/A       99%         3
 Frozen Ramparts          Ice            0%         1d1       99%         3
 Hailstorm                Conj/Ice       0%         3d3       99%         3
 Volatile Blastmotes      Fire/Tloc      0%         2d10      99%         3
 Starburst                Conj/Fire      0%         6d3       100%        6
 Maxwell's Capacitive Co  Air            0%         ∞         100%        8


Dungeon Overview and Level Annotations

Branches:
Dungeon (14/15)            Temple (0/1) D:7             Orc (0/2) D:11
   Lair: D:8-11      Vaults: D:13-14

Altars:
Hepliaklqana
Nemelex Xobeh
Okawaru
Trog
Xom
Yredelemnul
Zin

Shops:
D:12 (   D:13 (

Annotations:
D:9 3 runed translucent doors, Jeremiah
D:10 2 transporters, WhatIsLove's ghost, novice HOMo


Innate Abilities, Weirdness & Mutations

You cannot be hasted, slowed, berserked, paralysed or teleported.
You can dig through walls and to a lower floor.
You have a pair of large antennae on your head. (SInv)
Your four strong arms can wield two-handed weapons with a shield.


Message History

The eight-headed hydra bites you but does no damage.
The eight-headed hydra bites you.
The eight-headed hydra bites you but does no damage.
You bludgeon the eight-headed hydra!!
The eight-headed hydra is almost dead.
You hear a deafening roar!
The eight-headed hydra bites you but does no damage.
The eight-headed hydra bites you.
The eight-headed hydra bites you but does no damage.
The eight-headed hydra bites you! The eight-headed hydra bites you.
You block the eight-headed hydra's attack.
The eight-headed hydra bites you but does no damage. x2
You bludgeon the eight-headed hydra!!
You kill the eight-headed hydra!
A storm dragon comes into view.
You see here a cyclops skeleton.
You bludgeon the storm dragon!!
The storm dragon is moderately wounded.
The storm dragon bites you! The storm dragon closely misses you.
The storm dragon tramples you but does no damage.
You impale the storm dragon!!
The storm dragon is heavily wounded.
The storm dragon barely misses you.
The storm dragon claws you but does no damage.
You block the storm dragon's attack.
You closely miss the storm dragon.
The storm dragon is heavily wounded.
The storm dragon breathes lightning at you.
The bolt of lightning hits you!
* * * LOW HITPOINT WARNING * * *
The bolt of lightning misses you.
You hear a shout! x2
You thump the storm dragon!
The storm dragon is heavily wounded.
The storm dragon bites you!
* * * LOW HITPOINT WARNING * * *
The storm dragon claws you but does no damage.
You block the storm dragon's attack. The storm dragon closely misses you.
The storm dragon claws you.
You die...

#.###############[......#
#..............###'######
###### ###...(...............#
#..... #...................#
#.#### ##..................#
#.# #............###+#### #.#
#..............#.# #.#
#........####....#########.#
###........##...@..........|.#
...........####D##############
..............#..D#.#..#.#{
..............'.##.##..#.# {
..............###.#.#..#.# #
..............# #..#.#.#.# #
..............# ###.#.#..#{ {
# #####........># ..#.#.#☼# #
#.........# ###...#†##{ #


You could see a storm dragon (catching breath).

Vanquished Creatures
  2 hydras (D:13)
  An ogre mage (D:11)
  A death knight (D:13)
  7 two-headed ogres
  A swamp dragon (shapeshifter) (D:13)
  An ugly thing (D:9)
  A cyclops (shapeshifter) (D:13)
  2 manticores (D:13)
  2 cyclopes (D:13)
  A gargoyle (D:12)
  3 kobold demonologists
  2 tengu conjurers (D:13)
  3 freezing wraiths (D:13)
  4 trolls
  2 hornets
  27 yaks
  4 wyverns
  4 slime creatures
  2 wraiths
  3 vampires
  A shadow (D:11)
  A steam dragon (D:7)
  3 acid dragons
  10 vampire mosquitoes
  2 water moccasins (D:7)
  8 orc warriors
  A sky beast (D:7)
  2 ice beasts
  2 black bears
  4 ogres
  2 centaurs
  3 wolves (D:11)
  A phantom (D:7)
  7 kobold brigands
  2 bullfrogs
  2 gnoll sergeants
  2 scorpions (D:4)
  8 killer bees
  2 howler monkeys
  7 orc priests
  Crazy Yiuf (D:2)
  8 hounds
  2 iguanas
  A sleepcap (D:8)
  12 orc wizards
  11 adders
  11 gnolls
  3 white imps
  An ufetubus (D:6)
  3 worms
  2 dart slugs (D:4)
  46 orcs
  5 ball pythons
  7 endoplasms
  3 giant cockroaches
  10 goblins
  8 hobgoblins
  2 jackals (D:1)
  2 quokkas
  11 bats
  6 frilled lizards
  24 kobolds
  8 rats
330 creatures vanquished.

Vanquished Creatures (others)
  A tengu conjurer (D:14)
  A water elemental (D:14)
2 creatures vanquished.

Grand Total: 332 creatures vanquished

Notes
Turn   | Place    | Note
-------+----------+-------------------------------------------
     0 | D:1      | shbulbulush the Formicid Fighter began the quest for the
                  | Orb.
     0 | D:1      | Reached XP level 1. HP: 18/18 MP: 1/1
   206 | D:1      | Reached XP level 2. HP: 24/24 MP: 2/2
   590 | D:1      | Reached XP level 3. HP: 14/30 MP: 3/3
  1314 | D:2      | Reached XP level 4. HP: 37/37 MP: 4/4
  1413 | D:2      | Found a runed translucent door.
  1414 | D:2      | Noticed Crazy Yiuf
  1507 | D:2      | Identified the +10 spear "Cilah" {flame, Str-2 Int+4 Dex+4}
  1769 | D:2      | Killed Crazy Yiuf
  1770 | D:2      | Reached skill level 3 in Maces & Flails
  1770 | D:2      | Reached skill level 1 in Dodging
  1770 | D:2      | Reached XP level 5. HP: 24/42 MP: 2/5
  2037 | D:3      | Found an iron altar of Okawaru.
  2170 | D:3      | Found a shimmering altar of Xom.
  2242 | D:3      | Found a faded altar of an unknown god.
  3010 | D:4      | Reached XP level 6. HP: 41/49 MP: 6/6
  3063 | D:4      | Found a bloodstained altar of Trog.
  3086 | D:4      | Reached skill level 5 in Shields
  3153 | D:4      | Found a glowing silver altar of Zin.
  3164 | D:4      | Reached skill level 4 in Maces & Flails
  3171 | D:4      | Reached XP level 7. HP: 21/55 MP: 7/7
  3488 | D:4      | Reached skill level 5 in Armour
  3713 | D:4      | Reached skill level 5 in Fighting
  4068 | D:5      | Entered Level 5 of the Dungeon
  4095 | D:4      | Reached skill level 5 in Maces & Flails
  4095 | D:4      | Reached XP level 8. HP: 26/62 MP: 8/8
  4273 | D:5      | Found a hazy altar of Hepliaklqana.
  4488 | D:5      | Found a basalt altar of Yredelemnul.
  4529 | D:5      | Reached skill level 6 in Maces & Flails
  5025 | D:5      | You fall into a shaft and drop 1 floor!
  5179 | D:6      | Reached skill level 1 in Stealth
  5867 | D:6      | Reached XP level 9. HP: 69/69 MP: 9/9
  6308 | D:7      | Reached skill level 7 in Maces & Flails
  6749 | D:7      | Reached skill level 8 in Maces & Flails
  7646 | D:7      | Found a staircase to the Ecumenical Temple.
  7921 | D:7      | Found a sparkling altar of Nemelex Xobeh.
  8500 | D:7      | Reached skill level 9 in Maces & Flails
  8500 | D:7      | Reached XP level 10. HP: 62/79 MP: 10/10
  8766 | D:7      | You fall into a shaft and drop 2 floors!
  9214 | D:8      | You fall into a shaft and drop 1 floor!
  9550 | D:9      | Noticed a two-headed ogre
  9566 | D:10     | Entered Level 10 of the Dungeon
  9664 | D:10     | Reached skill level 10 in Maces & Flails
 10058 | D:10     | Found a transporter.
 10059 | D:10     | Noticed a two-headed ogre
 10059 | D:10     | Noticed WhatIsLove's ghost (novice HOMo)
 10061 | D:10     | Found a transporter.
 10061 | D:10     | Identified the +3 dire flail "Elaforrun" {freeze, Int+3}
 10061 | D:10     | Noticed a two-headed ogre
 10062 | D:10     | Noticed a two-headed ogre
 10259 | D:10     | Identified the +1 robe "Wifoefae" {-Cast rN+ Dex+3}
 10393 | D:10     | Noticed a two-headed ogre
 10401 | D:10     | Killed a two-headed ogre
 10418 | D:10     | Reached skill level 11 in Maces & Flails
 10418 | D:10     | Reached XP level 11. HP: 69/86 MP: 11/11
 10939 | D:9      | Killed a two-headed ogre
 11095 | D:9      | Found a runed translucent gate.
 11095 | D:9      | Found a runed translucent gate.
 11095 | D:9      | Found a runed translucent gate.
 11096 | D:9      | Noticed a red ugly thing
 11097 | D:9      | Noticed a green ugly thing
 11098 | D:9      | Noticed a red ugly thing
 11099 | D:9      | Noticed an orb spider
 11099 | D:9      | Noticed a green ugly thing
 11100 | D:9      | Noticed a green ugly thing
 11104 | D:9      | an orb spider changed into a torpor snail
 11107 | D:9      | a torpor snail changed into an elephant
 11107 | D:9      | Noticed an elephant (glowing shapeshifter)
 11114 | D:9      | an elephant changed into a merfolk
 11150 | D:9      | Noticed a shock serpent
 11154 | D:9      | a shock serpent changed into a glowing orange brain
 11154 | D:9      | Noticed a glowing orange brain (glowing shapeshifter)
 11156 | D:9      | a glowing orange brain changed into a faun
 11156 | D:9      | Noticed a faun (glowing shapeshifter)
 11217 | D:9      | Reached skill level 12 in Maces & Flails
 11307 | D:9      | Noticed a red ugly thing
 11318 | D:9      | Killed a red ugly thing
 11948 | D:9      | Noticed Jeremiah
 11982 | D:9      | You fall into a shaft and drop 2 floors!
 13543 | D:11     | Noticed an ogre mage
 13543 | D:11     | Noticed a two-headed ogre
 13543 | D:11     | Noticed a two-headed ogre
 13543 | D:11     | Noticed a two-headed ogre
 13558 | D:11     | Killed a two-headed ogre
 13559 | D:11     | Reached skill level 10 in Armour
 13564 | D:11     | You fall into a shaft and drop 3 floors!
 13996 | D:13     | Noticed a death knight
 14014 | D:13     | Reached XP level 12. HP: 81/95 MP: 12/12
 14018 | D:13     | Reached skill level 13 in Maces & Flails
 14044 | D:13     | Killed a death knight
 14779 | D:13     | Found Gevol's Antique Weapon Boutique.
 14843 | D:13     | Noticed a five-headed hydra
 15137 | D:12     | Reached skill level 10 in Fighting
 15355 | D:12     | Reached skill level 14 in Maces & Flails
 15940 | D:12     | Found Ahiam's Weapon Emporium.
 16610 | D:9      | You fall into a shaft and drop 3 floors!
 17354 | D:11     | Found a staircase to the Orcish Mines.
 17399 | D:11     | Noticed a two-headed ogre
 17416 | D:11     | Killed a two-headed ogre
 17637 | D:11     | Reached XP level 13. HP: 90/98 MP: 13/13
 17921 | D:11     | Killed an ogre mage
 17922 | D:11     | Reached skill level 15 in Maces & Flails
 18397 | D:13     | Noticed an eight-headed hydra
 18457 | D:13     | Killed a five-headed hydra
 18532 | D:13     | Killed an eight-headed hydra
 18532 | D:13     | Noticed a storm dragon
 18544 | D:13     | Slain by a storm dragon

Illustrated notes

Levels and vault maps discovered:
D:1:      dpeg_arrival_round_a, layout_basic
D:2:      layout_basic, chequers_serial_rivers_small_b, uniq_crazy_yiuf_cottage
D:3:      layout_loops_cross, xom_teletrap_fun,
          mainiacjoe_overflow_small_starburst,
          shapermc_ecumenical_altar_mp_vishouse
D:4:      layout_loops_ring, mainiacjoe_overflow_cross_hatched,
          lemuel_doored_altar
D:5:      layout_cave_pools, mainiacjoe_overflow_24_doors,
          nicolae_overflow_crystal_walls
D:6:      layout_loops_ring
D:7:      layout_basic, marbit_many_paths, minmay_temple_entry_sparse_star,
          minivault_26
D:8:      lemuel_castle_with_subvaults [lemuel_castle_interior_original],
          layout_cave_pools, grunt_decor_resistance, nzn_random_ring, uniq_erica
D:9:      layout_stronghold, ploomutoo_gammafunk_ghost_potion_laboratory,
          minmay_diced_spiral, uniq_jeremiah
D:10:     layout_irregular_city, gammafunk_ghost_smash, serial_co_window_serial,
          co_window_paths_a, co_window_paths_a, co_window_corner_a,
          co_window_corner_a, co_window_paths_a, co_window_corner_a,
          co_window_unsneaky_path_b, co_window_of_opportunity_c,
          co_window_unsneaky_path_a, co_window_sun, co_window_paths_e,
          glass_columns_a, glass_columns_a, glass_columns_b, glass_columns_a,
          glass_columns_b, enter_bailey_4
D:11:     layout_gridville, erik_lair_island, david_orc_5
D:12:     layout_stronghold, serial_shops, nicolae_shop_bloodbath_and_beyond,
          grunt_ministairs_5
D:13:     minmay_tearing_corner, layout_basic, serial_shops,
          nicolae_take_the_stairs, minivault_24
D:14:     layout_basic, grunt_vaults_entry_tiered, minmay_curled_crystal,
          nicolae_hexahallways, nrook_loot_triangle, lemuel_freeze_loot_1

Skill      XL: |  1  2  3  4  5  6  7  8  9 10 11 12 13 |
---------------+----------------------------------------+-----
Fighting       | 4 5 6 7 9 10 11 | 11.3
Maces & Flails | 3 4 5 6 9 11 12 14 15 | 15.6
Dodging        | 1 2 3 |  3.3
Armour         | 4 5 6 7 9 10 11 12 | 12.0
Shields        | 5 6 |  6.2
Stealth        | 1 2 |  2.7

Action                     |  1- 3 |  4- 6 |  7- 9 | 10-12 | 13-15 || total
---------------------------+-------+-------+-------+-------+-------++-------
  Melee: Flail             |   143 |   118 |    22 |       |       ||   283
         Giant club        |       |       |    31 |       |       ||    31
         Giant spiked club |       |       |   245 |   513 |    74 ||   832
Ability: Dig               |       |     1 |     7 |     1 |       ||     9
         Shaft Self        |       |       |     1 |     5 |       ||     6
    Use: Potion            |       |       |     1 |     1 |       ||     2
 Armour: Scale mail        |   110 |    97 |    77 |       |       ||   284
         Chain mail        |       |       |    69 |    29 |   103 ||   201
         Plate armour      |       |       |   256 |   589 |       ||   845
  Dodge: Dodged            |    70 |    83 |   197 |   255 |    41 ||   646
  Block: Buckler           |    33 |    30 |     2 |       |       ||    65
         Other             |       |       |       |    70 |    25 ||    95
         Reflection        |       |       |       |     5 |       ||     5

Table legend: (Time is in decaauts)
 A = Elapsed time spent in this place.
 B = Non-inter-level travel time spent in this place.
 C = Inter-level travel time spent in this place.
 D = Time resting spent in this place.
 E = Time spent auto-exploring this place.
 F = Levels seen in this place.
 G = Mean time per level.
                   A        B        C        D        E       F      G
               +--------+--------+--------+--------+--------+-----+--------+
         Total |  18851 |  17879 |    972 |   7171 |   5938 |  14 | 1346.5 |
       Dungeon |  18851 |  17879 |    972 |   7171 |   5938 |  14 | 1346.5 |
               +--------+--------+--------+--------+--------+-----+--------+

Top non-repeatable levels by time:
     D:7: 2704 daAuts
    D:11: 2279 daAuts
    D:12: 2114 daAuts
    D:10: 1698 daAuts
     D:9: 1623 daAuts
     D:4: 1572 daAuts
    D:13: 1413 daAuts
     D:1: 1186 daAuts
     D:6: 1092 daAuts
     D:2: 841 daAuts
     D:5: 827 daAuts
     D:3: 709 daAuts
     D:8: 446 daAuts
    D:14: 342 daAuts
